 Dungeon Crawl Stone Soup version 0.26.1-11-gd32895ea62 (webtiles) character file.

Game seed: 6547844294126654937

2709 Almogavar the Carver (level 9, -4/121 HPs)
             Began as a Minotaur Berserker on May 18, 2021.
             Was an Elder of Trog.
             Slain by a hornet (8 damage)
             ... on level 8 of the Dungeon.
             The game lasted 00:14:20 (6748 turns).

Almogavar the Carver (Minotaur Berserker)           Turns: 6748, Time: 00:14:20

Health: -4/121     AC: 17    Str: 25    XL:     9   Next: 39%
Magic:  8/8        EV: 12    Int:  4    God:    Trog [****..]
Gold:   327        SH:  0    Dex: 10    Spells: 8/8 levels left

rFire    . . .     SeeInvis .   a - +0 falchion
rCold    . . .     Faith    .   (no shield)
rNeg     + + .     Spirit   .   r - +4 pearl dragon scales
rPois    .         Reflect  .   (helmet restricted)
rElec    .         Harm     .   t - scarf {+Inv}
rCorr    .         Rampage  .   (no gloves)
Will     .....                  (no boots)
Stlth    ..........             (no amulet)
HPRegen  0.30/turn              g - ring of positive energy
MPRegen  0.11/turn              (no ring)

@: berserking (expiring), lethally poisoned (-4 -> -11), slowed
A: retaliatory headbutt, horns 2
a: Renounce Religion, Evoke Invisibility, Berserk, Trog's Hand, Brothers in Arms


You were on level 8 of the Dungeon.
You worshipped Trog.
Trog was greatly pleased with you.
You visited 1 branch of the dungeon, and saw 8 of its levels.

You collected 327 gold pieces.

Inventory:

Hand Weapons
 a - a +0 falchion (weapon)
 e - a +0 hunting sling
Missiles
 f - 201 stones
 u - 21 sling bullets
Armour
 r - +4 pearl dragon scales (worn)
 t - a scarf of invisibility (worn)
Jewellery
 g - a ring of positive energy (left hand)
Wands
 h - a wand of flame (37)
 j - a wand of random effects (35)
 q - a wand of disintegration (10)
Scrolls
 c - a scroll of fear
 i - 4 scrolls of teleportation
 k - 2 scrolls of remove curse
 p - a scroll of magic mapping {unknown}
Potions
 b - 2 potions of resistance
 d - 2 potions of flight
 l - 4 potions of curing
 m - a potion of magic
 n - 2 potions of lignification {unknown}
 o - a potion of cancellation {unknown}
 s - a potion of heal wounds


   Skills:
 + Level 7.9 Fighting
 + Level 10.4 Long Blades
 + Level 1.0 Slings
 + Level 8.1 Armour
 + Level 5.0 Dodging
 + Level 1.4 Stealth


You had 8 spell levels left.
You didn't know any spells.
Your spell library was empty.

Dungeon Overview and Level Annotations

Branches:
Dungeon (8/15)             Temple (0/1) D:6
   Lair: D:8-11

Altars:
Ashenzari
Cheibriados
Gozag
Sif Muna
Vehumet
Wu Jian
Yredelemnul
The Shining One

Shops:
D:4 [   D:6 (


Innate Abilities, Weirdness & Mutations

You reflexively headbutt those who attack you in melee.
You have a pair of horns on your head.


Message History

You are more poisoned.
You feel as though you will be slow longer.
The orc hits you but does no damage.
You slash the two-headed ogre!
The two-headed ogre is almost dead.
You feel sick.
The hornet stings you but does no damage.
The orc barely misses you. The two-headed ogre barely misses you.
The two-headed ogre hits you with a +0 giant spiked club!
* * * LOW HITPOINT WARNING * * *
The hornet stings you.
* * * LOW HITPOINT WARNING * * *
You feel as though you will be slow longer.
You are too berserk!
* * * LOW HITPOINT WARNING * * *
You feel sick.
You feel a strong urge to attack something.
* * * LOW HITPOINT WARNING * * *
You feel sick. The hornet stings you!
You die...

####### .......###
#........# #....#...#
#...../@############
##.#._)#y...........#
#.....oO.##########.##
.....#...............####
#........########........
.......#........)........
....#.##.########........
#.###. #.# ##.((###. # ..
..# ##.## #.


You could see a two-headed ogre and a hornet.

Vanquished Creatures
  Pikel (D:4)
  Eustachio (D:4)
  A water moccasin (D:7)
  Duvessa (D:4)
  2 orc warriors
  2 sky beasts (D:7)
  3 phantoms
  2 ogres
  A centaur (D:8)
  A bullfrog (D:8)
  A gnoll sergeant (D:8)
  A scorpion (D:5)
  Dowan (D:4)
  A centaur zombie (D:5)
  A bullfrog zombie (D:6)
  2 bullfrog skeletons
  2 orc priests
  4 orc wizards
  2 iguanas (D:6)
  4 worker ants
  2 hound zombies
  A hound skeleton (D:5)
  A worker ant zombie (D:6)
  10 gnolls
  3 river rats (D:5)
  8 adders
  2 howler monkey skeletons
  2 shadow imps
  3 white imps
  An ufetubus (D:7)
  An ooze (D:4)
  2 adder zombies (D:6)
  2 adder skeletons
  4 worms
  A dart slug (D:3)
  8 leopard geckos
  11 orcs
  4 ball pythons
  5 giant cockroaches
  7 hobgoblins
  6 jackals
  2 quokkas (D:6)
  5 bats
  5 frilled lizards
  3 goblins
  3 kobolds
  A quokka skeleton (D:7)
  A quokka zombie (D:6)
  5 rats
143 creatures vanquished.

Vanquished Creatures (others)
  An orc wizard (D:3)
  65 plants (D:5)
66 creatures vanquished.

Grand Total: 209 creatures vanquished

Notes
Turn   | Place    | Note
-------+----------+-------------------------------------------
     0 | D:1      | Almogavar the Minotaur Berserker began the quest for the
                  | Orb.
     0 | D:1      | Reached XP level 1. HP: 19/19 MP: 0/0
   605 | D:1      | Reached XP level 2. HP: 27/27 MP: 1/1
   943 | D:1      | Reached skill level 4 in Long Blades
  1376 | D:2      | Found an opulent altar of Gozag.
  1377 | D:2      | Found an ornate altar of the Wu Jian Council.
  1379 | D:2      | Reached XP level 3. HP: 34/34 MP: 2/2
  1970 | D:3      | Reached ** piety under Trog
  2124 | D:3      | Reached XP level 4. HP: 41/41 MP: 3/3
  2203 | D:3      | Reached skill level 5 in Fighting
  2213 | D:3      | Reached XP level 5. HP: 39/48 MP: 4/4
  2384 | D:3      | Reached skill level 5 in Long Blades
  2693 | D:4      | Noticed a lemure
  2693 | D:4      | Noticed a lemure
  2694 | D:4      | Noticed Pikel
  2695 | D:4      | Noticed a lemure
  2699 | D:4      | Noticed a lemure
  2707 | D:4      | Killed Pikel
  2708 | D:4      | Reached skill level 6 in Long Blades
  2708 | D:4      | Reached skill level 5 in Armour
  2708 | D:4      | Reached XP level 6. HP: 51/57 MP: 5/5
  2708 | D:4      | Reached XP level 7. HP: 57/63 MP: 6/6
  2858 | D:4      | Noticed Eustachio
  2865 | D:4      | Killed Eustachio
  2866 | D:4      | Reached skill level 7 in Long Blades
  2866 | D:4      | Reached skill level 1 in Slings
  3039 | D:4      | Noticed Dowan
  3040 | D:4      | Noticed Duvessa
  3041 | D:4      | Found Wone Sas's Antique Armour Emporium.
  3046 | D:4      | Killed Dowan
  3065 | D:4      | Killed Duvessa
  3066 | D:4      | Reached skill level 8 in Long Blades
  3066 | D:4      | Reached XP level 8. HP: 41/71 MP: 7/7
  3348 | D:4      | Found a shimmering blue altar of Sif Muna.
  3592 | D:5      | Entered Level 5 of the Dungeon
  3653 | D:5      | Reached *** piety under Trog
  4190 | D:5      | Reached skill level 1 in Stealth
  4565 | D:6      | Reached skill level 9 in Long Blades
  4838 | D:6      | Found a snail-covered altar of Cheibriados.
  4874 | D:6      | Found a staircase to the Ecumenical Temple.
  5078 | D:6      | Found Pewul's Antique Weapon Shop.
  5581 | D:7      | Reached XP level 9. HP: 79/79 MP: 8/8
  5632 | D:7      | Reached **** piety under Trog
  5755 | D:7      | Found a glowing golden altar of the Shining One.
  6025 | D:7      | Found a broken altar of Ashenzari.
  6128 | D:7      | Reached skill level 10 in Long Blades
  6350 | D:7      | Found a basalt altar of Yredelemnul.
  6352 | D:7      | Noticed a profane servitor
  6568 | D:7      | Noticed an angel
  6727 | D:8      | Found a radiant altar of Vehumet.
  6728 | D:8      | Noticed a two-headed ogre
  6741 | D:8      | Reached skill level 5 in Dodging
  6747 | D:8      | HP: 5/121 [poisoned by a hornet]
  6748 | D:8      | Slain by a hornet

Illustrated notes

Levels and vault maps discovered:
D:1:      sevenhm_arrival_forest_fort_large_2, layout_loops_corners
D:2:      layout_rooms, gammafunk_temple_overflow_statue
D:3:      layout_rooms
D:4:      layout_cave_pools, serial_shops, shop, led_sif_pool, uniq_duvessa,
          uniq_pikel, uniq_eustachio
D:5:      wad_woods_settlement, layout_basic
D:6:      layout_basic, slow_altar_1, minmay_temple_entry_enclosed_plants,
          serial_shops, kennysheep_little_box, serial_undead, serial_undead_f,
          serial_undead_b, serial_undead_f, serial_undead_d, st_stairs_3
D:7:      layout_basic, grunt_temple_overflow_holy_war,
          nicolae_overflow_crystal_walls
D:8:      layout_loops_ring, vehumet_altar_wand_db

Skill      XL: |  1  2  3  4  5  6  7  8  9 |
---------------+----------------------------+-----
Fighting       | 4 5 6 7 |  7.9
Long Blades    | 4 6 8 9 10 | 10.4
Armour         | 3 5 6 7 8 |  8.1
Dodging        | 3 4 5 |  5.0
Slings         | 1 |  1.0
Stealth        | 1 |  1.4

Action                   |  1- 3 |  4- 6 |  7- 9 || total
-------------------------+-------+-------+-------++-------
Melee: Falchion          |    69 |    55 |   318 ||   442
       Headbutt          |     9 |     9 |    85 ||   103
 Fire: Hunting sling     |     2 |       |       ||     2
Invok: Berserk           |       |     2 |     2 ||     4
  Use: Scroll            |     3 |     3 |    13 ||    19
Armor: Animal skin       |     8 |       |       ||     8
       Ring mail         |    20 |     8 |       ||    28
       Pearl dragon scal |       |    15 |   136 ||   151
Dodge: Dodged            |    31 |    22 |   164 ||   217
       Rpst.: Falchion   |     4 |     6 |    54 ||    64
